 Dungeon Crawl Stone Soup version 0.31-a0-152-g6aa68a64a1 (webtiles) character file.

Game seed: 2882550623611781749

76 qw the Shooter (level 4, 0/38 HPs)
             Began as a Minotaur Hunter on June 9, 2023.
             Slain by a hobgoblin (5 damage)
             ... led by Robin
             ... on level 2 of the Dungeon.
             The game lasted 00:00:27 (1052 turns).

qw the Shooter (Minotaur Hunter)                    Turns: 1052, Time: 00:00:27

Health: 0/38       AC:  3    Str: 16    XL:     4   Next: 12%
Magic:  3/3        EV: 12    Int:  6    God:
Gold:   117        SH:  0    Dex: 15    Spells: 3/3 levels left

rFire   . . .        Y - +0 shortbow
rCold   . . .        (shield currently unavailable)
rNeg    . . .        c - +0 leather armour
rPois   .            (helmet restricted)
rElec   .            (no cloak)
rCorr   .            (no gloves)
SInv    .            (no boots)
Will    .....        (no amulet)
Stlth   +            (no ring)
HPRegen 0.26/turn    (no ring)
MPRegen 0.08/turn

%: no passive effects
@: no status effects
A: horns 2, retaliatory headbutt
a: no special abilities


You were on level 2 of the Dungeon.
You visited 1 branch of the dungeon, and saw 2 of its levels.

You collected 117 gold pieces.


Innate Abilities, Weirdness & Mutations

You have a pair of horns on your head.
You reflexively headbutt those who attack you in melee.


   Skills:
 + Level 3.0 Fighting
 - Level 6.0 Ranged Weapons
 - Level 2.1 Dodging
 - Level 0.7 Stealth


You had 3 spell levels left.
You didn't know any spells.
Your spell library was empty.

Inventory:

Hand Weapons
 Y - a +0 shortbow (weapon)
Armour
 a - a +0 ring mail
 c - a +0 leather armour (worn)
Scrolls
 b - a scroll of enchant weapon {unknown}
Potions
 e - a potion of curing
 f - a potion of resistance
 g - a potion of enlightenment {unknown}
 h - a potion of mutation {unknown}

Dungeon Overview and Level Annotations

Branches:
Dungeon (2/15)

Altars:


Message History

The arrow hits the goblin!
You kill the goblin!
A worm comes into view.
You shoot an arrow. The arrow completely misses the worm.
Robin hits the fungus with a +0 whip.
The fungus begins to die.
You shoot an arrow. The arrow hits the worm.
The worm is lightly wounded.
The worm bites you.
Robin roars a battlecry!
The hobgoblin goes into a battle-frenzy!
You shoot an arrow. The arrow hits the worm!
The worm is heavily wounded.
The hobgoblin hits you.
Robin hits the bush but does no damage.
The worm barely misses you.
You shoot an arrow. The arrow hits the worm!
The worm is severely wounded.
The hobgoblin hits you.
Robin hits the bush with a +0 whip.
You shoot an arrow. The arrow hits the worm!
You kill the worm!
A nearby fungus withers and dies.
The hobgoblin closely misses you.
You shoot an arrow. The arrow hits the hobgoblin.
The hobgoblin is heavily wounded.
The hobgoblin hits you.
You shoot an arrow. The arrow hits the hobgoblin.
The hobgoblin is almost dead.
The hobgoblin hits you. x2; Robin barely misses you.
You furiously retaliate!
You headbutt Robin! You shoot an arrow.
The arrow hits the hobgoblin but does no damage.
The hobgoblin is almost dead.
The hobgoblin hits you. Robin closely misses you. You furiously retaliate!
You headbutt Robin!
You kill Robin!
Your Ranged Weapons skill increases to level 6!
You have reached level 4!
You feel stronger.
You shoot an arrow.
The arrow hits the hobgoblin but does no damage.
The hobgoblin is almost dead.
The hobgoblin hits you.
You die...

#.....# ####%####
#.......# #.......#
#.......# #.......#
#.......# ###
#.......# #####+%.##
#.......###....@g..#
##.......##.####)...#
#.......''.# ....#
#.......##.# P.P)7
#.......##.# 7P..7
##########(# 7.77 #.#
7. #.# 77 #.#


You could see a hobgoblin (strong).

Vanquished Creatures
  Robin (D:2)
  A gnoll (D:1)
  An adder (D:2)
  2 worms (D:2)
  2 dart slugs (D:1)
  3 bats
  3 endoplasms
  A giant cockroach (D:1)
  6 goblins
  2 hobgoblins
  A quokka (D:1)
  4 ball pythons
  A frilled lizard (D:2)
  4 kobolds
  5 rats
37 creatures vanquished.

Notes
Turn   | Place    | Note
-------+----------+-------------------------------------------
     0 | D:1      | qw the Minotaur Hunter began the quest for the Orb.
     0 | D:1      | Reached XP level 1. HP: 18/18 MP: 0/0
     0 | D:1      | 0 ||| qw: Version: 0.2-a-122-gbc61b45
     0 | D:1      | 0 ||| qw: Game counter: 3303
     0 | D:1      | 0 ||| qw: Always use a shield: true
     0 | D:1      | 0 ||| qw: God list: Okawaru
     0 | D:1      | 0 ||| qw: Allow faded altars: false
     0 | D:1      | 0 ||| qw: Do Orc after D:15 true
     0 | D:1      | 0 ||| qw: Do second Lair branch before Depths: true
     0 | D:1      | 0 ||| qw: Lair rune preference: random
     0 | D:1      | 0 ||| qw: Plans: Normal
     0 | D:1      | 0 ||| PLANNING D:1-11
    90 | D:1      | Reached XP level 2. HP: 25/25 MP: 1/1
   106 | D:1      | Reached skill level 5 in Ranged Weapons
   338 | D:1      | Reached skill level 3 in Fighting
   508 | D:1      | Reached XP level 3. HP: 12/31 MP: 2/2
   845 | D:1      | 845 ||| READING scroll labelled PIAFFI ACHYNK.
   846 | D:1      | 846 ||| READING scroll labelled UVAUMM KUOPU.
   847 | D:1      | 847 ||| READING scroll labelled TAMMAVVOISCH.
   848 | D:1      | 848 ||| READING scroll labelled BOSTYI QUMMY.
   849 | D:1      | 849 ||| DRINKING 2 silvery potions.
   850 | D:1      | 850 ||| DRINKING 2 fuming amethyst potions.
   851 | D:1      | 851 ||| DROPPING scroll of butterflies.
  1042 | D:2      | Noticed Robin
  1050 | D:2      | HP: 7/31 [hobgoblin[Robin] (5)]
  1051 | D:2      | Killed Robin
  1052 | D:2      | Reached skill level 6 in Ranged Weapons
  1052 | D:2      | Reached XP level 4. HP: 4/38 MP: 3/3
  1052 | D:2      | Slain by a hobgoblin

Levels and vault maps discovered:
D:1:      eino_arrival_water_star, layout_basic
D:2:      layout_basic, dk_noncrumbling_4, dreamdust_wishing_well,
          uniq_crazy_yiuf_cottage, uniq_robin

Skill      XL: |  1  2  3 |
---------------+----------+-----
Ranged Weapons | 5 6 |  6.0
Fighting       | 3 |  3.0
Dodging        | |  2.1
Stealth        | |  0.7

Action                     |  1- 3 |  4- 6 || total
---------------------------+-------+-------++-------
   Fire: Shortbow          |   110 |     1 ||   111
    Use: Scroll            |     4 |       ||     4
         Potion            |     2 |       ||     2
 Armour: Leather armour    |     4 |       ||     4
  Dodge: Dodged            |    15 |       ||    15

Table legend:
 A = Non-vault XP
 B = Vault XP
 C = Vault XP percentage of total XP
 D = Non-vault monster count
 E = Vault monster count
 F = Vault count percentage of total count
                 A         B        C        D         E       F
            +---------+---------+-------+---------+---------+-------
      Total |      90 |      19 |  17.4 |      34 |       3 |   8.1
            +---------+---------+-------+---------+---------+-------
        D:1 |      54 |       0 |   0.0 |      22 |       0 |   0.0
        D:2 |      36 |      19 |  34.5 |      12 |       3 |  20.0
            +---------+---------+-------+---------+---------+-------
